 Dungeon Crawl Stone Soup version 0.26.1-11-gd32895ea62 (webtiles) character file.

Game seed: 5912677187232581454

355 Zeld the Cudgeller (level 6, -1/51 HPs)
             Began as a Draconian Gladiator on June 14, 2021.
             Slain by a gnoll
             ... wielding a +0 whip
              (6 damage)
             ... on level 6 of the Dungeon.
             The game lasted 00:04:14 (5954 turns).

Zeld the Cudgeller (Draconian Gladiator)            Turns: 5954, Time: 00:04:14

Health: -1/51      AC:  6    Str: 19    XL:     6   Next: 36%
Magic:  6/6        EV: 13    Int:  8    God:
Gold:   308        SH:  0    Dex: 12    Spells: 5/5 levels left

rFire    . . .     SeeInvis .   a - +2 mace (vorpal)
rCold    . . .     Faith    .   (no shield)
rNeg     . . .     Spirit   .   (armour unavailable)
rPois    .         Reflect  .   b - +0 hat
rElec    .         Harm     .   (no cloak)
rCorr    .         Rampage  .   (no gloves)
Will     .....                  (no boots)
Stlth    +.........             (no amulet)
HPRegen  0.17/turn              (no ring)
MPRegen  0.10/turn              (no ring)

@: no status effects
A: unfitting armour, cold-blooded, AC +6
a: no special abilities


You were on level 6 of the Dungeon.
You visited 1 branch of the dungeon, and saw 6 of its levels.

You collected 308 gold pieces.

Inventory:

Hand Weapons
 a - a +2 vorpal mace (weapon)
Missiles
 d - 176 stones (quivered)
 j - 15 poisoned darts
Armour
 b - a +0 hat (worn)
Jewellery
 o - an uncursed ring of protection from fire
Wands
 r - a wand of flame (15)
Scrolls
 e - 5 scrolls of identify {unknown}
 h - 4 scrolls of enchant weapon {unknown}
 k - 2 scrolls of remove curse {unknown}
 m - a scroll of amnesia {unknown}
 n - 3 scrolls of teleportation {unknown}
 q - 2 scrolls of magic mapping {unknown}
 t - a scroll of enchant armour {unknown}
 u - a scroll of fear {unknown}
 w - a scroll of fog {unknown}
 y - a scroll of blinking {unknown}
Potions
 f - a potion of haste {unknown}
 g - 4 potions of curing {unknown}
 i - 4 potions of heal wounds {unknown}
 l - 2 potions of berserk rage {unknown}
 p - a potion of degeneration {unknown}
 s - a potion of magic {unknown}
 v - a potion of ambrosia {unknown}
 x - 2 potions of lignification {unknown}
 z - a potion of brilliance {unknown}


   Skills:
 + Level 3.5 Fighting
 * Level 4.8 Maces & Flails
 * Level 3.8 Throwing
 + Level 3.6 Dodging


You had 5 spell levels left.
You didn't know any spells.
Your spell library contained the following spells:

 Spells                   Type           Power        Failure   Level
 Animate Skeleton         Necr           0%           41%         1
 Apportation              Tloc           0%           41%         1
 Corona                   Hex            0%           41%         1
 Magic Dart               Conj           0%           41%         1
 Summon Small Mammal      Summ           0%           41%         1
 Searing Ray              Conj           0%           54%         2
 Dazzling Flash           Conj/Hex       0%           78%         3
 Fulminant Prism          Conj/Hex       0%           99%         4
 Iskenderun's Mystic Bla  Conj/Tloc      0%           99%         4


Dungeon Overview and Level Annotations

Branches:
Dungeon (6/15)
 Temple: D:4-7

Altars:


Innate Abilities, Weirdness & Mutations

Your plain brown scales are hard. (AC +6)
You cannot fit into any form of body armour.
You are cold-blooded and may be slowed by cold attacks.


Message History

You closely miss the gnoll.
The gnoll is heavily wounded.
The gnoll hits you with a +0 whip.
* * * LOW HITPOINT WARNING * * *
The gnoll barely misses you.
Unknown command.
You see here a bullfrog corpse.
Things that are here:
a throwing net; a +0 spear The gnoll completely misses you.
A gnoll comes into view. It is wielding a +0 whip of freezing.
The gnoll shouts!
You hit the gnoll.
The gnoll is almost dead.
The gnoll hits you with a +0 whip.
* * * LOW HITPOINT WARNING * * *
You closely miss the gnoll.
The gnoll is almost dead.
The gnoll hits you with a +0 whip.
You die...

##########
........)###
########@#..##
....g..g##.#.##
.#######.†###<#
#(## ##.#
##........
..........
#.....###.#
#.#g.# # .# .#


You could see 2 gnolls.

Vanquished Creatures
  A bullfrog (D:6)
  A scorpion (D:4)
  2 hounds (D:6)
  An orc wizard (D:4)
  A worker ant (D:4)
  Robin (D:3)
  2 gnolls (D:6)
  3 adders (D:2)
  3 worms
  2 dart slugs (D:1)
  2 leopard geckos
  4 orcs
  2 giant cockroaches
  9 hobgoblins
  2 jackals (D:2)
  2 ball pythons
  A bat (D:1)
  2 frilled lizards (D:2)
  13 goblins
  5 kobolds
  A leopard gecko skeleton (D:4)
  A quokka skeleton (D:6)
  6 rats
67 creatures vanquished.

Vanquished Creatures (others)
  A bat (D:3)
1 creature vanquished.

Grand Total: 68 creatures vanquished

Notes
Turn   | Place    | Note
-------+----------+-------------------------------------------
     0 | D:1      | Zeld the Draconian Gladiator began the quest for the Orb.
     0 | D:1      | Reached XP level 1. HP: 17/17 MP: 1/1
   315 | D:1      | Reached XP level 2. HP: 25/25 MP: 2/2
   520 | D:1      | You fall into a shaft and drop 1 floor!
   800 | D:2      | Reached XP level 3. HP: 28/30 MP: 3/3
  2673 | D:3      | Reached XP level 4. HP: 37/37 MP: 4/4
  3130 | D:3      | Noticed Robin
  3664 | D:3      | Killed Robin
  4040 | D:4      | Reached skill level 4 in Maces & Flails
  4040 | D:4      | Reached XP level 5. HP: 12/45 MP: 5/5
  5816 | D:5      | Entered Level 5 of the Dungeon
  5886 | D:6      | Reached XP level 6. HP: 29/51 MP: 6/6
  5954 | D:6      | Slain by a gnoll

Illustrated notes

Levels and vault maps discovered:
D:1:      scummos_arrival_gate, layout_rooms, serial_co_window_serial,
          co_window_paths_a, co_window_cross_1, co_window_cross_1,
          co_window_cross_1, co_window_paths_a, co_window_corner_a,
          co_window_paths_b, co_window_corner_b, co_window_broadway_a,
          co_window_broadway_b, co_window_unsneaky_path_b,
          co_window_unsneaky_path_b, co_window_of_opportunity_b,
          co_window_paths_e, co_window_4corner_b, glass_columns_a
D:2:      layout_basic, minmay_pentomino_p2
D:3:      layout_rooms, uniq_robin
D:4:      layout_basic
D:5:      layout_rooms, temple_fountains, serial_shops,
          nicolae_shop_behind_doors
D:6:      layout_loops_ring, dk_rats_in_the_wall, uniq_edmund

Skill      XL: |  1  2  3  4 |
---------------+-------------+-----
Throwing       | 2 3 |  3.8
Dodging        | 3 |  3.6
Fighting       | 3 |  3.5
Maces & Flails | 4 |  4.8

Action                   |  1- 3 |  4- 6 || total
-------------------------+-------+-------++-------
Melee: Flail             |    72 |    58 ||   130
       Tailslap          |     6 |    15 ||    21
       Mace              |       |    68 ||    68
Throw: Throwing net      |       |     3 ||     3
 Stab: Sleeping          |     2 |     1 ||     3
       Distracted        |     1 |       ||     1
       Held in net/web   |       |     1 ||     1
Armor: Skin              |    17 |    55 ||    72
Dodge: Dodged            |    36 |   146 ||   182
